 Dungeon Crawl Stone Soup version 0.28.0-53-g5a82cb258f (webtiles) character file.

Game seed: 5786167969511933969

72004 raph the Phalangite (level 15, 0/110 (121) HPs)
             Began as a Merfolk Gladiator on June 6, 2022.
             Was the Champion of Hepliaklqana.
             Slain by an orc warlord
             ... wielding a +2 great mace of draining
              (1 damage)
             ... on level 2 of the Orcish Mines.
             The game lasted 00:47:04 (26777 turns).

raph the Phalangite (Merfolk Gladiator)            Turns: 26777, Time: 00:47:05

HP:   0/110 (121)   AC: 20    Str: 16    XL:     15   Next: 38%
MP:   20/20         EV: 18    Int: 11    God:    Hepliaklqana [******]
Gold: 1279          SH:  0    Dex: 24    Spells: 11/14 levels left

rFire   + + .      SeeInvis +   a - +0 bardiche (vorpal)
rCold   . . .      Faith    .   (shield currently unavailable)
rNeg    + + .      Spirit   .   C - +0 fire dragon scales
rPois   +          Reflect  .   G - +0 helmet {SInv}
rElec   .          Harm     .   (no cloak)
rCorr   .          Rampage  .   z - +2 pair of gloves {Dex+3}
Will    +....                   H - +0 pair of boots "Roureven" {rPois rN++ Int+3}
Stlth   +++.......              f - amulet of Vitality {Regen+ HP+15}
HPRegen 1.08/turn               P - ring of protection from cold
MPRegen 0.17/turn               E - +4 ring of protection

@: heavily drained
A: reduced essence, (nimble swimmer 2), mertail
a: Renounce Religion, Recall Ancestor, Ancestor Identity, Transference, Idealise


You were on level 2 of the Orcish Mines.
You worshipped Hepliaklqana.
Hepliaklqana was exalted by your worship.
You visited 3 branches of the dungeon, and saw 21 of its levels.
You visited 1 bazaar.
You also visited: Gauntlet and Volcano.

You collected 2887 gold pieces.
You spent 1608 gold pieces at shops.

Inventory:

Hand Weapons
 a - a +0 vorpal bardiche (weapon)
 b - a +3 glaive of flaming
Missiles
 d - 4 throwing nets
 e - 7 silver javelins
 x - 5 datura-tipped darts
 L - 10 javelins
 M - 10 poisoned darts
 Q - 9 boomerangs (quivered)
Armour
 q - the +1 ice dragon scales "Reekiafe" {rF- rC++ rCorr}
   (You took it off a minotaur in a Gauntlet)

   rF:        It makes you vulnerable to fire.
   rC:        It greatly protects you from cold.
   rCorr:     It protects you from acid and corrosion.
 z - a +2 pair of gloves of dexterity (worn)
 C - +0 fire dragon scales (worn)
 D - a +1 buckler of fire resistance
 G - a +0 helmet of see invisible (worn)
 H - the +0 pair of boots "Roureven" (worn) {rPois rN++ Int+3}
   (You acquired it in a volcano)

   Int:       It affects your intelligence (+3).
   rPois:     It protects you from poison.
   rN:        It greatly protects you from negative energy.
 X - a +2 pair of gloves
 Z - a +2 pair of boots of flying
Jewellery
 f - the amulet of Vitality (around neck) {Regen+ HP+15}
   (You bought it in a shop on level 8 of the Dungeon)

   [amulet of regeneration]

   HP:        It affects your health (+15).
   Regen:     It increases your rate of health regeneration.
 n - the amulet "Isaify" {Faith rF- Dex+9 Stlth+}
   (You found it on level 6 of the Lair of Beasts)

   [amulet of faith]

   It allows you to gain divine favour quickly.
   Dex:       It affects your dexterity (+9).
   rF:        It makes you vulnerable to fire.
   Stlth:     It makes you more stealthy.
 w - the amulet "Gillix" {Spirit +Blink Slay+4}
   (You found it in a Gauntlet)

   [amulet of guardian spirit]

   It causes incoming damage to be divided between your reserves of health and
   magic.
   Slay:      It affects your accuracy & damage with ranged weapons and melee
   (+4).
   +Blink:    It lets you blink.
 E - a +4 ring of protection (right hand)
 P - a ring of protection from cold (left hand)
 T - the ring of Nekk {EV+4 Str+3}
   (You bought it in a shop in a bazaar)

   [ring of evasion]

   EV:        It affects your evasion (+4).
   Str:       It affects your strength (+3).
 U - a ring of fire
Wands
 i - a wand of paralysis (7)
 t - a wand of mindburst (10)
 y - a wand of digging (8)
 A - a wand of flame (21)
 N - a wand of iceblast (23)
Scrolls
 h - 4 scrolls of fear
 j - 3 scrolls of amnesia
 l - a scroll of magic mapping
 o - 12 scrolls of teleportation
 B - a scroll of silence
 I - 5 scrolls of blinking
 R - a scroll of fog
 S - a scroll of brand weapon
 V - 6 scrolls of identify
 W - a scroll of summoning
Potions
 c - a potion of resistance
 g - 2 potions of curing
 m - 5 potions of attraction
 p - a potion of magic
 r - 2 potions of mutation
 s - 2 potions of lignification
 u - 5 potions of brilliance
 v - 3 potions of flight
 F - 5 potions of haste
 J - 5 potions of might
 K - a potion of cancellation
 O - 3 potions of heal wounds
 Y - a potion of invisibility
Miscellaneous
 k - a lightning rod (4/4)


   Skills:
 + Level 11.0 Fighting
 * Level 23.4 Polearms
 + Level 7.6 Throwing
 + Level 7.4 Armour
 + Level 13.2 Dodging
 + Level 9.1 Stealth
 + Level 7.9 Invocations


You had 11 spell levels left.
You knew the following spells:

 Your Spells              Type           Power      Damage    Failure   Level
a - Wereblood             Tmut           0%         N/A       91%         2
b - Apportation           Tloc           0%         N/A       80%         1

Your spell library contained the following spells:

 Spells                   Type           Power      Damage    Failure   Level
 Animate Skeleton         Necr           0%         N/A       80%         1
 Slow                     Hex            0%         N/A       80%         1
 Sting                    Tmut/Pois      0%         1d3       80%         1
 Summon Small Mammal      Summ           0%         N/A       80%         1
 Blink                    Tloc           0%         N/A       91%         2
 Corpse Rot               Necr/Air       0%         N/A       91%         2
 Ensorcelled Hibernation  Hex/Ice        0%         N/A       91%         2
 Passwall                 Tmut/Erth      0%         N/A       91%         2
 Poisonous Vapours        Pois/Air       0%         N/A       91%         2
 Sublimation of Blood     Necr           0%         N/A       91%         2
 Call Canine Familiar     Summ           0%         N/A       99%         3
 Confusing Touch          Hex            0%         N/A       99%         3
 Dazzling Flash           Conj/Hex       0%         N/A       99%         3
 Frozen Ramparts          Ice            0%         1d2       99%         3
 Ignite Poison            Fire/Tmut/Pois 0%         N/A       99%         3
 Inner Flame              Hex/Fire       0%         N/A       99%         3
 Lesser Beckoning         Tloc           0%         N/A       99%         3
 Mephitic Cloud           Conj/Pois/Air  0%         N/A       99%         3
 Ozocubu's Armour         Ice            0%         N/A       99%         3
 Stone Arrow              Conj/Erth      0%         3d7       99%         3
 Summon Guardian Golem    Hex/Summ       0%         N/A       99%         3
 Swiftness                Air            0%         N/A       99%         3
 Vampiric Draining        Necr           0%         2d6       99%         3
 Animate Armour           Summ/Erth      0%         N/A       100%        4
 Cause Fear               Hex            0%         N/A       100%        4
 Dispel Undead            Necr           0%         3d6       100%        4
 Ice Form                 Ice/Tmut       0%         N/A       100%        4
 Iskenderun's Mystic Bla  Conj/Tloc      0%         2d3       100%        4
 Olgreb's Toxic Radiance  Pois           0%         N/A       100%        4
 Summon Ice Beast         Ice/Summ       0%         N/A       100%        4
 Fireball                 Conj/Fire      0%         3d3       100%        5
 Freezing Cloud           Conj/Ice/Air   0%         6-21      100%        5
 Manifold Assault         Tloc           0%         N/A       100%        5
 Metabolic Englaciation   Hex/Ice        0%         N/A       100%        5
 Summon Forest            Summ/Tloc      0%         N/A       100%        5
 Death Channel            Necr           0%         N/A       100%        6
 Eringya's Noxious Bog    Tmut/Pois      0%         N/A       100%        6
 Simulacrum               Ice/Necr       0%         N/A       100%        6
 Starburst                Conj/Fire      0%         6d3       100%        6
 Summon Hydra             Summ           0%         N/A       100%        7
 Discord                  Hex            0%         N/A       100%        8
 Ignition                 Fire           0%         3d3       100%        8
 Lehudib's Crystal Spear  Conj/Erth      0%         10d2      100%        8


Dungeon Overview and Level Annotations

Branches:
Dungeon (13/15)            Temple (0/1) D:4            Lair (6/6) D:11
 Shoals (0/4) Lair:3       Spider (0/4) Lair:2        Slime (0/5) Lair:6
    Orc (2/2) D:12        Volcano (visited)         Gauntlet (visited)
    Elf: Orc:2       Vaults: D:13-14

Altars:
Cheibriados
Elyvilon
Fedhas
Gozag
Hepliaklqana
Nemelex Xobeh
Okawaru
Qazlal
Sif Muna
Vehumet
Wu Jian
Xom
Yredelemnul
Zin
Beogh

Shops:
D:3 ?   D:6 (   D:8 =

Portals:
Trove: D:10 (give 13 potions of heal wounds)

Annotations:
D:10 4 runed translucent doors
Orc:1 exclusion: oklob plant


Innate Abilities, Weirdness & Mutations

Your life essence is reduced to manifest your ancestor. (-10% HP)
((You are very nimble when in or above water. (Stealth+, EV+, Speed+++)))
Your lower body shifts to a powerful aquatic tail in water.


Message History

Bintanath hits the orc warlord with a +0 broad axe of flaming.
Bintanath burns the orc warlord.
The orc warlord barely misses you.
You hit the orc warlord but do no damage.
The orc warlord is moderately wounded.
Bintanath hits the orc warlord with a +0 broad axe of flaming!
Bintanath burns the orc warlord.
You hit the orc warlord.
The orc warlord is moderately wounded.
The orc warlord hits you with a +2 great mace of draining!!
You partially resist.
You feel drained.
You barely miss the orc warlord.
The orc warlord is moderately wounded.
Bintanath hits the orc warlord with a +0 broad axe of flaming!
Bintanath burns the orc warlord.
The orc warlord hits you with a +2 great mace of draining!
You partially resist.
You feel drained.
You closely miss the orc warlord.
The orc warlord is heavily wounded.
Bintanath hits the orc warlord with a +0 broad axe of flaming!
Bintanath burns the orc warlord.
The orc warlord hits you with a +2 great mace of draining!!
You partially resist.
You feel drained.
You are too injured to fight recklessly!
You slash the orc warlord!
The orc warlord is severely wounded.
Bintanath hits the orc warlord with a +0 broad axe of flaming!
Bintanath burns the orc warlord.
You hit the orc warlord.
The orc warlord is almost dead.
The orc warlord hits you with a +2 great mace of draining!!
* * * LOW HITPOINT WARNING * * *
You partially resist.
You feel drained.
* * * LOW HITPOINT WARNING * * *
Bintanath hits the orc warlord but does no damage.
You hit the orc warlord but do no damage.
The orc warlord is almost dead.
The orc warlord hits you with a +2 great mace of draining!!
* * * LOW HITPOINT WARNING * * *
You partially resist.
You feel drained.
You die...

.........O.oo.o....
...........##......
.................. ## ##
.......<...#......#.##.##
...............###......##
...........#....#.........
........................#
........oR..............#
.........@..........##..#
.......)...........[....#
.....##[.)..........)...#
..... #.[[##.......))..##
..... #...####......).##
.... #...# #.....)..# ...
##.## #.....#....# ##≈≈##
##...###.#.# #§§§§# #.)..#
#####


You could see the friendly Bintanath the knight and an orc warlord (ally
target).

Vanquished Creatures
  Azrael (D:12)
  A minotaur (Gauntlet)
  A fire dragon (Volcano)
  Harold (D:7)
  A merfolk avatar (Lair:6)
  2 boulder beetles
  4 hydras
  3 two-headed ogres
  A centaur warrior (D:12)
  3 death yaks (Lair:4)
  2 orc high priests (Orc:2)
  A sea snake (Lair:6)
  An orc knight (D:10)
  3 harpies (Lair:6)
  A deep elf pyromancer (D:12)
  An orc sorcerer (Orc:1)
  3 ugly things
  2 manticores
  2 cyclopes (D:10)
  Joseph (D:8)
  An elephant (Lair:6)
  A merfolk siren (Lair:3)
  A torpor snail (Lair:3)
  5 black mambas
  A kobold demonologist (D:7)
  8 cane toads
  An efreet (D:12)
  5 komodo dragons
  An unseen horror (D:11)
  8 rime drakes
  7 trolls
  A meliai (D:10)
  3 polar bears (Lair:6)
  3 hornets
  12 dream sheep
  A snapping turtle (Lair:6)
  A wraith (D:10)
  A jumping spider (Lair:2)
  37 yaks
  A culicivora (Lair:2)
  3 fire bats (Volcano)
  6 wyverns
  A fire elemental (D:11)
  4 steam dragons
  5 shadows
  2 basilisks
  2 redbacks (Lair:2)
  A warg (Orc:2)
  An acid dragon (D:10)
  A cane toad zombie (D:10)
  5 hell hounds
  11 water moccasins
  3 ice beasts
  14 orc warriors
  A black bear (D:5)
  5 ogres
  17 wolves
  8 centaurs
  A kobold brigand (D:8)
  12 bullfrogs
  2 scorpions
  2 water moccasin zombies
  A wyvern skeleton (D:7)
  9 killer bees
  A howler monkey (D:5)
  5 electric eels
  2 bullfrog zombies
  4 centaur zombies
  A hound (D:5)
  4 jellies
  11 orc priests
  Natasha (D:4)
  An iguana (D:5)
  11 orc wizards
  2 gnolls (D:6)
  3 adders
  A shadow imp (D:7)
  2 white imps
  An adder zombie (D:5)
  3 dart slugs
  33 orcs
  5 ball pythons
  8 endoplasms
  3 giant cockroaches
  7 goblins
  6 hobgoblins
  5 jackals
  5 kobolds
  6 quokkas
  9 bats
  2 rats (D:1)
393 creatures vanquished.

Vanquished Creatures (collateral kills)
  2 ogre magi (D:10)
  A boulder beetle (D:7)
  A hydra (Lair:6)
  Erica (D:10)
  4 two-headed ogres
  Nergalle (D:10)
  An orc knight (Orc:1)
  A deep elf pyromancer (D:11)
  2 cyclopes (D:10)
  An ugly thing (D:10)
  2 orc sorcerers (Orc:2)
  3 cane toads
  A rime drake (Lair:6)
  4 komodo dragons
  5 trolls
  2 hornets (Lair:6)
  A snapping turtle (Lair:6)
  7 dream sheep
  A culicivora (Lair:2)
  A vampire (D:7)
  A fire bat (Volcano)
  A wyvern (D:11)
  12 yaks
  3 basilisks
  A fire elemental (D:12)
  A steam dragon (D:11)
  2 redbacks (Lair:2)
  2 wargs (Orc:2)
  A water moccasin (shapeshifter) (Gauntlet)
  A water moccasin (D:7)
  2 hell hounds
  3 ice beasts
  8 orc warriors
  A hornet zombie (D:6)
  2 ogres
  2 wolves (Lair:2)
  A centaur (D:7)
  Blork the orc (D:5)
  A scorpion (Lair:1)
  5 bullfrogs
  A wight (D:10)
  9 killer bees
  3 electric eels
  3 centaur zombies
  A bullfrog zombie (D:5)
  2 hounds
  A jelly (Lair:6)
  3 orc priests
  A gnoll shaman (D:6)
  2 iguanas (D:5)
  Natasha (twice) (D:4)
  2 bullfrog skeletons
  6 orc wizards
  6 gnolls
  An adder (D:5)
  2 adder skeletons (D:4)
  33 orcs
  An endoplasm (D:3)
  2 goblins
  A hobgoblin (D:3)
  5 jackals
  A bat (D:3)
  2 kobolds
  A spectral goblin (D:8)
184 creatures vanquished.

Vanquished Creatures (others)
  10 knights
  An orc (D:7)
  14 demonic plants (Gauntlet)
  35 fungi
  55 plants
115 creatures vanquished.

Grand Total: 692 creatures vanquished

Notes
Turn   | Place    | Note
-------+----------+-------------------------------------------
     0 | D:1      | raph the Merfolk Gladiator began the quest for the Orb.
     0 | D:1      | Reached XP level 1. HP: 16/16 MP: 1/1
   307 | D:1      | Reached skill level 5 in Polearms
   335 | D:1      | Reached XP level 2. HP: 22/22 MP: 2/2
   995 | D:2      | Reached skill level 6 in Polearms
   995 | D:2      | Reached XP level 3. HP: 27/27 MP: 3/3
  1274 | D:2      | Found a faded altar of an unknown god.
  1282 | D:2      | Prayed at the altar of an unknown god.
  1282 | D:2      | Became a worshipper of Hepliaklqana the Forgotten
  1282 | D:2      | Reached * piety under Hepliaklqana
  1774 | D:3      | Reached XP level 4. HP: 29/29 MP: 4/4
  1776 | D:3      | Reached skill level 7 in Polearms
  1928 | D:3      | Found a snail-covered altar of Cheibriados.
  1929 | D:3      | Found an opulent altar of Gozag.
  1931 | D:3      | Found a radiant altar of Vehumet.
  1933 | D:3      | Found Vowujip's Magic Scroll Emporium.
  1933 | D:3      | Reached ** piety under Hepliaklqana
  1938 | D:3      | Remembered your ancestor Bintanath as a knight
  1942 | D:3      | Bought a scroll of identify for 20 gold pieces
  1942 | D:3      | Bought a scroll of identify for 20 gold pieces
  1942 | D:3      | Bought a scroll of fear for 35 gold pieces
  2295 | D:3      | Found a shimmering blue altar of Sif Muna.
  2376 | D:3      | Found a white marble altar of Elyvilon.
  2621 | D:4      | Found an iron altar of Okawaru.
  2621 | D:4      | Noticed Natasha
  2626 | D:4      | Killed Natasha
  2653 | D:4      | Reached skill level 8 in Polearms
  2670 | D:4      | Reached XP level 5. HP: 34/34 MP: 5/5
  2852 | D:4      | Noticed Natasha
  2860 | D:4      | Killed Natasha
  2861 | D:4      | Reached skill level 9 in Polearms
  2935 | D:4      | Found a staircase to the Ecumenical Temple.
  2939 | D:4      | Noticed Natasha
  2946 | D:4      | Killed Natasha
  2947 | D:4      | Reached XP level 6. HP: 32/39 MP: 6/6
  2949 | D:4      | Noticed an ice beast
  2970 | D:4      | Killed an ice beast
  2971 | D:4      | Reached skill level 10 in Polearms
  3214 | D:5      | Entered Level 5 of the Dungeon
  3270 | D:5      | Reached skill level 1 in Stealth
  3270 | D:5      | Reached XP level 7. HP: 45/45 MP: 7/7
  3437 | D:5      | Reached skill level 1 in Armour
  3443 | D:5      | Reached skill level 5 in Dodging
  3618 | D:5      | Reached skill level 11 in Polearms
  3750 | D:5      | Noticed Blork the orc
  3756 | D:5      | Killed Blork the orc
  3757 | D:5      | Reached XP level 8. HP: 46/52 MP: 8/8
  4213 | D:5      | Reached *** piety under Hepliaklqana
  4511 | D:6      | Found Dericva's Weapon Shoppe.
  4922 | D:6      | Reached skill level 12 in Polearms
  5283 | D:6      | Reached XP level 9. HP: 50/60 MP: 6/9
  5487 | D:7      | Noticed a troll
  5491 | D:7      | Reached skill level 5 in Fighting
  5515 | D:7      | Killed a troll
  5515 | D:7      | Noticed a boulder beetle
  5516 | D:7      | Reached skill level 13 in Polearms
  6135 | D:7      | Killed a boulder beetle
  6381 | D:7      | Reached skill level 14 in Polearms
  6589 | D:7      | Noticed a two-headed ogre
  6600 | D:7      | Killed a two-headed ogre
  6601 | D:7      | Reached XP level 10. HP: 69/69 MP: 10/10
  6611 | D:7      | Noticed a two-headed ogre
  6620 | D:7      | Killed a two-headed ogre
  6621 | D:7      | Reached skill level 15 in Polearms
  6991 | D:7      | Noticed a boulder beetle
  7014 | D:7      | Noticed a green ugly thing
  7019 | D:7      | Killed a boulder beetle
  7042 | D:6      | Killed a green ugly thing
  7187 | D:7      | Noticed a kobold demonologist
  7196 | D:7      | Killed a kobold demonologist
  7197 | D:7      | Reached skill level 16 in Polearms
  7221 | D:7      | Noticed Harold
  7232 | D:7      | Killed Harold
  7233 | D:7      | Reached XP level 11. HP: 65/75 MP: 11/11
  7425 | D:7      | Reached skill level 17 in Polearms
  8028 | D:8      | Noticed a two-headed ogre
  8031 | D:8      | Noticed Joseph
  8038 | D:8      | Killed a two-headed ogre
  8593 | D:8      | Killed Joseph
  8594 | D:8      | Reached skill level 18 in Polearms
  8882 | D:8      | Found a shimmering altar of Xom.
  8929 | D:8      | Found a basalt altar of Yredelemnul.
  8968 | D:8      | Found Voatiav's Jewellery Shop.
  9127 | D:8      | Found a blossoming altar of Fedhas.
  9196 | D:8      | Found a hazy altar of Hepliaklqana.
  9823 | D:8      | Reached **** piety under Hepliaklqana
 10182 | D:9      | Noticed a two-headed ogre
 10190 | D:9      | Killed a two-headed ogre
 10191 | D:9      | Reached skill level 19 in Polearms
 10598 | D:10     | Entered Level 10 of the Dungeon
 10618 | D:10     | Noticed Erica
 10626 | D:10     | Killed Erica
 10786 | D:10     | Reached skill level 1 in Invocations
 10842 | D:10     | Found a large runed translucent door.
 10987 | D:10     | Found a large runed translucent door.
 10987 | D:10     | Found a large runed translucent door.
 10989 | D:10     | Found a large runed translucent door.
 10991 | D:10     | Noticed an orc knight
 11719 | D:10     | Found a portal to a secret trove of treasure.
 11825 | D:10     | Identified the +7 quarterstaff "Giant's Toothpick" {spect,
                  | Str+4 Dex-5 SInv}
 11967 | D:10     | Reached skill level 5 in Armour
 12009 | D:10     | Noticed a white ugly thing
 12010 | D:10     | Noticed a green ugly thing
 12019 | D:10     | Killed a white ugly thing
 12020 | D:10     | Reached XP level 12. HP: 52/82 MP: 4/13
 12041 | D:10     | Reached skill level 10 in Dodging
 12272 | D:10     | Noticed an ogre mage
 12341 | D:10     | Reached skill level 20 in Polearms
 12563 | D:10     | Noticed a two-headed ogre
 12572 | D:10     | Killed a two-headed ogre
 12600 | D:10     | Noticed an ogre mage
 12647 | D:10     | Killed an ogre mage
 12934 | D:10     | Paralysed by an ogre mage for 2 turns
 12936 | D:10     | Killed an ogre mage
 13318 | D:10     | Found a sparkling altar of Nemelex Xobeh.
 13357 | D:10     | Found an ornate altar of the Wu Jian Council.
 13384 | D:10     | Found a stormy altar of Qazlal.
 13414 | D:10     | Noticed Nergalle
 13424 | D:10     | Killed Nergalle
 13496 | D:10     | Reached skill level 5 in Stealth
 13915 | D:11     | Found a staircase to the Lair.
 14146 | D:11     | Found a flickering gateway to a bazaar.
 14167 | Bazaar   | Entered a bazaar
 14167 | Bazaar   | Found Rotroe's Jewellery Emporium.
 14180 | Bazaar   | Found Pyuhinku's Distillery.
 14188 | Bazaar   | Bought a potion of heal wounds for 90 gold pieces
 14210 | Bazaar   | Found Wesm's General Store.
 14231 | Bazaar   | Bought the ring of Nekk {EV+4 Str+3} for 394 gold pieces
 14248 | Bazaar   | Bought a scroll of identify for 22 gold pieces
 14283 | D:11     | Noticed a two-headed ogre
 14290 | D:11     | Killed a two-headed ogre
 14365 | D:11     | Reached XP level 13. HP: 90/90 MP: 16/16
 14806 | Lair:1   | Entered Level 1 of the Lair of Beasts
 15061 | Lair:1   | Reached skill level 21 in Polearms
 15177 | Lair:1   | Learned a level 2 spell: Wereblood
 15188 | Lair:1   | Reached ***** piety under Hepliaklqana
 15398 | Lair:1   | Reached skill level 5 in Throwing
 16012 | Lair:2   | Reached skill level 5 in Invocations
 16092 | Lair:2   | Found a hole to the Spider Nest.
 16306 | Lair:2   | Found a gate leading to a gauntlet.
 16328 | Gauntlet | Entered a Gauntlet
 16328 | Gauntlet | Found a transporter.
 16328 | Gauntlet | Found a transporter.
 16334 | Gauntlet | Found a transporter.
 16334 | Gauntlet | Found a transporter.
 16352 | Gauntlet | Found a transporter.
 16358 | Gauntlet | Found a large runed translucent door.
 16359 | Gauntlet | Found a large runed translucent door.
 16360 | Gauntlet | Found a large runed translucent door.
 16360 | Gauntlet | Found a large runed translucent door.
 16361 | Gauntlet | Found a transporter.
 16362 | Gauntlet | Found a runed translucent gate.
 16363 | Gauntlet | Found a transporter.
 16363 | Gauntlet | Found a transporter.
 16363 | Gauntlet | Found a runed translucent gate.
 16367 | Gauntlet | Found a transporter.
 16371 | Gauntlet | Found a runed translucent gate.
 16373 | Gauntlet | Found a large runed translucent door.
 16374 | Gauntlet | Found a large runed translucent door.
 16378 | Gauntlet | Found a large runed translucent door.
 16379 | Gauntlet | Found a large runed translucent door.
 16385 | Gauntlet | Found a large runed translucent door.
 16385 | Gauntlet | Found a large runed translucent door.
 16385 | Gauntlet | Found a runed translucent door.
 16385 | Gauntlet | Found a runed translucent door.
 16386 | Gauntlet | Found a large runed translucent door.
 16387 | Gauntlet | Found a large runed translucent door.
 16389 | Gauntlet | Found a transporter.
 16407 | Gauntlet | Found a transporter.
 16439 | Gauntlet | Found a transporter.
 16450 | Gauntlet | Found a transporter.
 16464 | Gauntlet | Found a transporter.
 16480 | Gauntlet | Found a large runed translucent door.
 16480 | Gauntlet | Found a large runed translucent door.
 16481 | Gauntlet | Found a large runed translucent door.
 16482 | Gauntlet | Found a large runed translucent door.
 16567 | Gauntlet | Found a transporter.
 16582 | Gauntlet | Found a transporter.
 17238 | Gauntlet | Learned a level 1 spell: Apportation
 17265 | Gauntlet | Identified the amulet "Gillix" {Spirit +Blink Slay+4}
 17402 | Gauntlet | Identified the +1 ice dragon scales "Reekiafe" {rF- rC++
                  | rCorr}
 17402 | Gauntlet | Noticed a minotaur
 17409 | Gauntlet | Killed a minotaur
 17420 | Gauntlet | Identified the +4 hat of Liufidut {*Corrode rPois Regen+}
 17864 | Lair:2   | You are sucked into a shaft and drop 1 floor!
 18124 | Lair:3   | Identified the +2 leather armour "Vuopet" {+Inv Dex+3}
 19141 | Lair:3   | Found a staircase to the Shoals.
 19753 | Lair:4   | Reached XP level 14. HP: 98/98 MP: 18/18
 19821 | Lair:4   | Reached skill level 22 in Polearms
 20227 | Lair:4   | Reached skill level 10 in Fighting
 21273 | Lair:5   | Reached ****** piety under Hepliaklqana
 21342 | Lair:5   | Found a glowing silver altar of Zin.
 21466 | Lair:6   | Entered Level 6 of the Lair of Beasts
 22133 | Lair:6   | Paralysed by a hornet for 2 turns
 22722 | Lair:6   | Identified the amulet "Isaify" {Faith rF- Dex+9 Stlth+}
 22749 | Lair:6   | Identified the +6 rapier of the Ancient Scars {pain, Dex+3}
 23103 | Lair:6   | Found a staircase to the Slime Pits.
 24016 | D:12     | Identified a scroll of acquirement
 24016 | D:12     | Acquired 1094 gold pieces
 24181 | D:8      | Bought the amulet of Vitality {Regen+ HP+15} for 1027 gold
                  | pieces
 24181 | D:8      | Found the amulet of Vitality {Regen+ HP+15}
 24294 | D:12     | Noticed Azrael
 24299 | D:12     | Killed Azrael
 24300 | D:12     | Reached skill level 23 in Polearms
 24420 | D:12     | Reached XP level 15. HP: 105/105 MP: 20/20
 24473 | D:12     | Found a staircase to the Orcish Mines.
 25096 | Orc:1    | Entered Level 1 of the Orcish Mines
 25713 | Orc:2    | Entered Level 2 of the Orcish Mines
 25904 | Orc:2    | Found a dark tunnel.
 25966 | Volcano  | Entered a volcano
 26077 | Volcano  | Acquired the +0 pair of boots "Roureven" {rPois rN++ Int+3}
 26762 | Orc:2    | Noticed an orc warlord
 26777 | Orc:2    | HP: 1/112 [orc warlord/+2 great mace of draining (21)]
 26777 | Orc:2    | Slain by an orc warlord

Illustrated notes

Levels and vault maps discovered:
D:1:      lightli_arrival_statue_moat, layout_loops_corners,
          hangedman_decor_growths, chequers_serial_rivers_small_3,
          serial_bayou_pond_e
D:2:      layout_loops_ring, dreamdust_ecumenical_altar_angels_and_demons
D:3:      layout_basic, mainiacjoe_overflow_alcove_2, old_standard_altar,
          chequers_temple_overflow_statue_of_worship, serial_shops, shop
D:4:      layout_rooms, okawaru_trees_1, minmay_temple_entry_statues_fountains,
          wad_floor_pattern_1, uniq_natasha
D:5:      layout_cave_pools, minmay_crossroads, uniq_blork_the_orc
D:6:      layout_gridville, serial_shops, nicolae_inconvenience_store
D:7:      minmay_the_grid_octo_triangle [minmay_the_grid_octo_77,
          minmay_the_grid_octo_prize_square_snowflake,
          minmay_the_grid_octo_clover_2], layout_loops_ring, uniq_harold
D:8:      layout_basic, lemuel_zombie_altar_yredelemnul, fedhas_altar_3,
          nicolae_hepliaklqana_monster_ancestors, brannock_xom_greatest_gift,
          serial_shops, nicolae_shop_stone, uniq_joseph
D:9:      layout_long_grid, chequers_mini_garden
D:10:     hangedman_cross_veins, layout_basic, nemelex_spade_bored_becter,
          mainiacjoe_overflow_six_doors_small, grunt_qazlal_sundering,
          nicolae_trove_entry_crystal, minmay_hollow_rounded_squares,
          uniq_nergalle, uniq_erica
D:11:     layout_basic, erik_lair_dragon, serial_shops, bzr_entry_dummy
D:12:     layout_basic, david_orc_2, serial_park_tiny_1, disabler_island,
          uniq_azrael
D:13:     layout_roguey, uniq_kirke, uniq_frances
Lair:1:   layout_cave_pods, lemuel_fruit_tree, grunt_megastairs_5
Lair:2:   layout_roguey, nicolae_spider_entry_tight_spaces,
          gauntlet_entry_generic, st_stairs_8, infiniplex_staircase_pool_2
Lair:3:   layout_layer_cave, minmay_shoals_entry_lonely_mermaid,
          infiniplex_staircase_pool
Lair:4:   layout_loops_ring
Lair:5:   layout_hall_layers, basic_altar, serial_rivers,
          chequers_serial_rivers_micro_e, chequers_serial_rivers_small_b,
          chequers_serial_rivers_room_b, chequers_serial_rivers_small_b,
          grunt_megastairs_4
Lair:6:   gammafunk_lair_ancient_temple, layout_regular_city,
          nicolae_slime_entry_slimehenge
Orc:1:    layout_caves, basic_altar, mines3_lemuel
Orc:2:    st_orc_elflike, layout_caves, nicolae_volcano_entry_two_sided,
          lightli_orcish_oven, uniq_maurice

Skill      XL: |  1  2  3  4  5  6  7  8  9 10 11 12 13 14 15 |
---------------+----------------------------------------------+-----
Polearms       | 5 6 8 9 10 11 12 14 16 19 20 21 23 | 23.4
Stealth        | 1 2 3 5 7 8 9 |  9.1
Fighting       | 3 4 6 7 8 9 10 11 | 11.0
Armour         | 1 2 4 5 6 7 |  7.4
Dodging        | 5 6 8 9 10 11 12 13 | 13.2
Invocations    | 2 4 6 7 |  7.9
Throwing       | 4 6 7 |  7.6

Action                   |  1- 3 |  4- 6 |  7- 9 | 10-12 | 13-15 || total
-------------------------+-------+-------+-------+-------+-------++-------
Melee: Trident           |    99 |   121 |    24 |       |    14 ||   258
       Bardiche          |       |       |   135 |   338 |   729 ||  1202
       Tailslap          |       |       |       |     1 |       ||     1
Throw: Throwing net      |       |       |     1 |     2 |       ||     3
       Javelin           |       |       |       |     4 |     3 ||     7
       Boomerang         |       |       |       |    30 |    19 ||    49
       Dart              |       |       |       |       |     6 ||     6
 Cast: Apportation       |       |       |       |       |     2 ||     2
Invok: Ancestor Life: Kn |       |     1 |       |       |       ||     1
       Recall Ancestor   |       |       |     2 |     2 |     9 ||    13
       Idealise          |       |       |       |     1 |     3 ||     4
Evoke: Lightning rod     |       |       |       |       |     4 ||     4
  Use: Scroll            |       |    12 |     4 |     9 |     7 ||    32
       Potion            |       |       |       |     2 |     2 ||     4
 Stab: Sleeping          |     3 |       |     3 |     7 |    14 ||    27
       Distracted        |       |     1 |       |     3 |    12 ||    16
       Held in net/web   |       |       |     1 |     1 |       ||     2
Armor: Leather armour    |    21 |       |       |       |       ||    21
       Ring mail         |    14 |    30 |    41 |    18 |       ||   103
       Steam dragon scal |       |       |       |    52 |    22 ||    74
       Ice dragon scales |       |       |       |       |    97 ||    97
       Fire dragon scale |       |       |       |       |     2 ||     2
Dodge: Dodged            |    49 |    63 |    91 |   257 |   466 ||   926
